 Dungeon Crawl Stone Soup version 0.31-a0-435-g2c6fae2916 (webtiles) character file.

Game seed: 10337337426415994707

2793 juan097 the Thaumaturge (level 10, -2/72 HPs)
             Began as a Djinni Air Elementalist on Aug 1, 2023.
             Was a Priest of Nemelex Xobeh.
             Killed by their own static electricity (5 damage)
             ... on level 8 of the Dungeon.
             The game lasted 00:19:10 (6498 turns).

juan097 the Thaumaturge (Djinni Air Elementalist)   Turns: 6498, Time: 00:19:10

Health: -2/72      AC:  5    Str:  7    XL:     10   Next: 2%
Gold:   232        EV: 12    Int: 20    God:    Nemelex Xobeh [***...] SH:  0 Dex: 15

rFire   + + .        a - staff of conjuration
rCold   x . .        (no shield)
rNeg    + . .        l - +0 robe
rPois   ∞            t - +2 helmet
rElec   .            (no cloak)
rCorr   .            (no gloves)
SInv    .            (boots unavailable)
Will    ++...        y - amulet of regeneration
Stlth   ++           D - ring of positive energy
HPRegen 1.12/turn    x - ring of willpower
MPRegen 0.00/turn

%: infuse magic (-3 HP)
@: flying
A: sickness immunity, fire resistance 2, cold vulnerability 1, float, innate
caster, HP casting, extra vitality 1
a: Renounce Religion, Draw Escape, Draw Destruction, Draw Summoning, Triple Draw


You were on level 8 of the Dungeon.
You worshipped Nemelex Xobeh.
Nemelex Xobeh was most pleased with you.
You visited 2 branches of the dungeon, and saw 9 of its levels.
You also visited: Sewer.

You collected 446 gold pieces.
You spent 214 gold pieces at shops.

Inventory:

Hand Weapons
 b - a +0 dagger
Missiles
 g - 4 curare-tipped darts
 h - 14 poisoned darts
Armour
 l - a +0 robe (worn)
 t - a +2 helmet (worn)
 E - a scarf of invisibility
Magical Staves
 a - a staff of conjuration (weapon)
 F - a staff of fire
Jewellery
 c - a ring of fire
 x - a ring of willpower (right hand)
 y - an amulet of regeneration (around neck)
 D - a ring of positive energy (left hand)
Wands
 r - a wand of flame (10)
Scrolls
 d - 2 scrolls of immolation {unknown}
 e - 4 scrolls of blinking
 f - 7 scrolls of teleportation
 k - a scroll of enchant weapon
 m - a scroll of torment
 q - 3 scrolls of enchant armour {unknown}
 u - a scroll of amnesia {unknown}
 v - 3 scrolls of fear
 A - a scroll of revelation {unknown}
 B - a scroll of noise {unknown}
 C - a scroll of poison
Potions
 i - a potion of curing
 j - 2 potions of enlightenment
 n - 3 potions of brilliance
 o - a potion of attraction
 p - 2 potions of mutation
 s - 2 potions of cancellation
 w - a potion of invisibility
 z - 2 potions of resistance


   Skills:
 - Level 6.0 Fighting
 - Level 2.1 Dodging
 - Level 3.0 Stealth
 - Level 8.0 Spellcasting
 - Level 8.0 Conjurations
 - Level 8.0 Hexes
 - Level 8.0 Summonings
 - Level 8.0 Necromancy
 - Level 8.0 Translocations
 - Level 8.0 Transmutations
 - Level 8.0 Fire Magic
 - Level 8.0 Ice Magic
 - Level 8.0 Air Magic
 - Level 8.0 Earth Magic
 - Level 8.0 Poison Magic
 + Level 5.1 Invocations


You knew the following spells:

 Your Spells              Type           Power      Damage    Failure   Level
a - Shock                 Conj/Air       100%       1d9       1%          1
b - Static Discharge      Conj/Air       100%       2-7/arc   1%          2
c - Swiftness             Air            40%        N/A       1%          3
d - Airstrike             Air            20%        2d(3-19)  3%          4
e - Freeze                Ice            100%       1d10      1%          1
f - Ensorcelled Hibernat  Hex/Ice        80%        N/A       1%          2
g - Lesser Beckoning      Tloc           80%        N/A       1%          2
h - Leda's Liquefaction   Hex/Erth       20%        N/A       3%          4
Your spell library was empty.

Dungeon Overview and Level Annotations

Branches:
Dungeon (8/15)             Temple (1/1) D:5           Sewer (visited)
   Lair: D:8-11

Altars:
Ashenzari
Cheibriados
Dithmenos
Elyvilon
Fedhas
Gozag
Hepliaklqana
Makhleb
Nemelex Xobeh
Okawaru
Qazlal
Ru
Trog
Uskayaw
Wu Jian
Yredelemnul
Zin

Shops:
D:3 ?   D:4 =   D:5 =

Annotations:
D:5 3 runed translucent doors, CraigForest's ghost, novice TrSh


Innate Abilities, Weirdness & Mutations

You are immune to sickness and miasma.
You are immune to poison.
Your flesh is very heat resistant. (rF++)
You are vulnerable to cold. (rC-)
You float through the air rather than walking.
You learn spells naturally, not from books.
Your magical power is your life essence.
You have superior vitality. (+4 MHP)


Message History

The lightning grounds out.
* * * LOW HITPOINT WARNING * * *
The killer bee stings you.
* * * LOW HITPOINT WARNING * * *
The killer bee stings you.
* * * LOW HITPOINT WARNING * * *
Casting: Static Discharge (safe; 1% risk of failure)
Confirm with . or Enter, or press ? or * to list all spells.
You feel a surge of power!
The killer bee is struck by an arc of lightning.
The killer bee is severely wounded.
You are struck by an arc of lightning.
* * * LOW HITPOINT WARNING * * *
The lightning grounds out.
* * * LOW HITPOINT WARNING * * *
The killer bee barely misses you. The killer bee closely misses you.
Casting: Static Discharge (safe; 1% risk of failure)
Confirm with . or Enter, or press ? or * to list all spells.
You feel a surge of power!
The killer bee is struck by an arc of lightning.
The killer bee is almost dead.
You are struck by an arc of lightning.
* * * LOW HITPOINT WARNING * * *
The lightning grounds out.
* * * LOW HITPOINT WARNING * * *
The killer bee stings you.
* * * LOW HITPOINT WARNING * * *
The killer bee barely misses you.
You feel better. The killer bee stings you.
* * * LOW HITPOINT WARNING * * *
The killer bee barely misses you.
Okay, then.
Casting: Static Discharge (safe; 1% risk of failure)
Confirm with . or Enter, or press ? or * to list all spells.
You feel a surge of power!
The killer bee is struck by an arc of lightning!
You kill the killer bee!
You are struck by an arc of lightning.
You die...
Your body glows with a rainbow of weird colours and disappears.

#############
########.$†.<.......
......†@.###.#.#.#..
########## #.# # #.#
..# ###


There were no monsters in sight!

Vanquished Creatures
  A two-headed ogre (D:7)
  Joseph (D:7)
  Menkaure (D:7)
  Duvessa (D:5)
  A black bear (D:5)
  An orc warrior (D:7)
  A phantom (D:4)
  3 kobold brigands
  3 bullfrogs
  4 scorpions
  3 wights (D:7)
  Dowan (D:5)
  3 killer bees (D:8)
  4 hounds
  4 jellies
  Jessica (D:3)
  A sleepcap (D:6)
  An orc wizard (D:7)
  9 adders
  A river rat (Sewer)
  2 shadow imps
  A white imp (D:7)
  2 dart slugs (D:1)
  7 orcs
  7 endoplasms
  6 goblins
  3 hobgoblins
  11 jackals
  11 kobolds
  2 quokkas
  3 ball pythons
  9 bats
  3 frilled lizards
  3 rats
115 creatures vanquished.

Vanquished Creatures (others)
  An iguana (D:5)
1 creature vanquished.

Grand Total: 116 creatures vanquished

Notes
Turn   | Place    | Note
-------+----------+-------------------------------------------
     0 | D:1      | juan097 the Djinni Air Elementalist began the quest for the
                  | Orb.
     0 | D:1      | juan097 set off with the following spells memorised: Shock,
                  | Static Discharge, Swiftness, Airstrike.
     0 | D:1      | Reached XP level 1. HP: 15/15 MP: 0/0
    53 | D:1      | Reached XP level 2. HP: 17/22 MP: 0/0
   262 | D:1      | Reached XP level 3. HP: 26/26 MP: 0/0
   262 | D:1      | Learned a level 1 spell: Freeze
   771 | D:2      | Reached skill level 1 in Fighting
   806 | D:2      | Found a sparkling altar of Nemelex Xobeh.
  1021 | D:2      | Reached XP level 4. HP: 32/32 MP: 0/0
  1207 | D:2      | Became a worshipper of Nemelex Xobeh the Trickster
  1382 | D:3      | Found a glowing drain.
  1391 | Sewer    | Entered a sewer
  1466 | Sewer    | Noticed a kobold brigand
  1468 | Sewer    | Noticed a kobold brigand
  1492 | Sewer    | Killed a kobold brigand
  1493 | Sewer    | Reached XP level 5. HP: 23/38 MP: 0/0
  1493 | Sewer    | Learned a level 2 spell: Ensorcelled Hibernation
  1568 | Sewer    | Killed a kobold brigand
  1569 | Sewer    | Reached XP level 6. HP: 31/45 MP: 0/0
  1653 | Sewer    | Found a white marble altar of Elyvilon.
  1749 | D:3      | Reached * piety under Nemelex Xobeh
  1787 | D:3      | Received a gift from Nemelex Xobeh
  1972 | D:3      | Found Aseuh's Magic Scroll Shoppe.
  1974 | D:3      | Noticed Jessica
  1978 | D:3      | Killed Jessica
  2469 | D:3      | Bought a scroll of blinking for 97 gold pieces
  2469 | D:3      | Bought a scroll of teleportation for 39 gold pieces
  2584 | D:4      | Found Cutior's Jewellery Boutique.
  2647 | D:4      | Found a snail-covered altar of Cheibriados.
  3140 | D:4      | Reached ** piety under Nemelex Xobeh
  3208 | D:3      | Bought a scroll of identify for 26 gold pieces
  3208 | D:3      | Bought a scroll of fear for 52 gold pieces
  3263 | D:5      | Entered Level 5 of the Dungeon
  3324 | D:5      | Found a blossoming altar of Fedhas.
  3334 | D:5      | Reached XP level 7. HP: 47/50 MP: 0/0
  3334 | D:5      | Learned a level 2 spell: Lesser Beckoning
  3390 | D:5      | Found Weg Ydud's Jewellery Boutique.
  3457 | D:5      | Found an opulent altar of Gozag.
  3457 | D:5      | Found a shadowy altar of Dithmenos.
  3471 | D:5      | Found a faded altar of an unknown god.
  3473 | D:5      | Found a faded altar of an unknown god.
  3541 | D:5      | Reached skill level 5 in Spellcasting
  3541 | D:5      | Reached skill level 5 in Conjurations
  3541 | D:5      | Reached skill level 5 in Hexes
  3541 | D:5      | Reached skill level 5 in Summonings
  3541 | D:5      | Reached skill level 5 in Necromancy
  3541 | D:5      | Reached skill level 5 in Translocations
  3541 | D:5      | Reached skill level 5 in Transmutations
  3541 | D:5      | Reached skill level 5 in Fire Magic
  3541 | D:5      | Reached skill level 5 in Ice Magic
  3541 | D:5      | Reached skill level 5 in Air Magic
  3541 | D:5      | Reached skill level 5 in Earth Magic
  3541 | D:5      | Reached skill level 5 in Poison Magic
  3628 | D:5      | Noticed Duvessa
  3629 | D:5      | Noticed Dowan
  3642 | D:5      | Killed Duvessa
  3660 | D:5      | Killed Dowan
  3751 | D:5      | Found a staircase to the Ecumenical Temple.
  3759 | D:5      | Found a runed translucent gate.
  3760 | D:5      | Found a runed translucent gate.
  3761 | D:5      | Found a runed translucent gate.
  3762 | D:5      | Noticed CraigForest's ghost (novice TrSh)
  3821 | Temple   | Entered the Ecumenical Temple
  3897 | D:5      | Received a gift from Nemelex Xobeh
  3942 | D:5      | Reached XP level 8. HP: 57/58 MP: 0/0
  4513 | D:6      | Found a hide-covered altar of Uskayaw.
  4671 | D:6      | Reached *** piety under Nemelex Xobeh
  4716 | D:6      | Reached skill level 5 in Fighting
  4722 | D:6      | Received a gift from Nemelex Xobeh
  4938 | D:6      | Found a bloodstained altar of Trog.
  4940 | D:6      | Found a broken altar of Ashenzari.
  4941 | D:6      | Found a burning altar of Makhleb.
  5191 | D:6      | Reached skill level 1 in Invocations
  5500 | D:7      | Noticed Joseph
  5508 | D:7      | Killed Joseph
  5509 | D:7      | Reached XP level 9. HP: 16/66 MP: 0/0
  5509 | D:7      | Learned a level 4 spell: Leda's Liquefaction
  5615 | D:7      | Noticed Menkaure
  5618 | D:7      | Killed Menkaure
  5677 | D:7      | Found a white marble altar of Elyvilon.
  5794 | D:7      | Noticed a two-headed ogre
  5812 | D:7      | Killed a two-headed ogre
  6479 | D:8      | Reached XP level 10. HP: 72/72 MP: 0/0
  6487 | D:8      | Reached skill level 5 in Invocations
  6496 | D:8      | HP: 3/72 [/static electricity (5)]
  6498 | D:8      | Killed from afar by themself

Illustrated notes

Levels and vault maps discovered:
D:1:      pf_arrival_petrified_forest, layout_loops_ring,
          hangedman_abyss_or_decor_lesser_grid, minmay_misc_feat_iff,
          minmay_misc_feat_square, corexii_leaking_fountain
D:2:      layout_rooms, basic_altar, kennysheep_path_1
D:3:      layout_loops_corners, portal_sewer_entry_d, serial_shops, shop,
          uniq_jessica
D:4:      layout_gridville, lemuel_tele_altar, minmay_shop_grid_forest
D:5:      layout_rooms, chequers_temple_overflow_minitemple,
          overflow_temple_1_default, minmay_temple_entry_purple_smoke,
          gammafunk_ghost_split, serial_rivers, chequers_serial_rivers_small_3,
          chequers_serial_rivers_marsh, chequers_serial_rivers_micro_d,
          chequers_serial_rivers_micro_e, chequers_serial_rivers_micro_e,
          chequers_serial_rivers_large_b, serial_shops,
          nicolae_shop_hallway_stairs, lemuel_flamethrower_2, uniq_duvessa
D:6:      layout_basic, mainiacjoe_overflow_alcove_3,
          corexii_item_surrounded_by_moat, kennysheep_opposing_triangles
D:7:      layout_basic, general_overflow_altar, nicolae_ossuary_entry_monument,
          mrwooster_statue_mirror, minmay_tree_intersection,
          nrook_mini_backslash, nicolae_elevator_lobby_asterisk, uniq_menkaure,
          uniq_joseph
D:8:      kennysheep_windowed_halls, layout_basic,
          mainiacjoe_overflow_small_starburst, mainiacjoe_overflow_24_doors,
          serial_shops, nicolae_stop_n_shop_2, roderic_serpentine_path
Temple:   hellmonk_temple_beads

Skill      XL: |  1  2  3  4  5  6  7  8  9 10 |
---------------+-------------------------------+-----
Spellcasting   | 4 5 6 8 |  8.0
Conjurations   | 4 5 6 8 |  8.0
Hexes          | 4 5 6 8 |  8.0
Summonings     | 4 5 6 8 |  8.0
Necromancy     | 4 5 6 8 |  8.0
Translocations | 4 5 6 8 |  8.0
Transmutations | 4 5 6 8 |  8.0
Fire Magic     | 4 5 6 8 |  8.0
Ice Magic      | 4 5 6 8 |  8.0
Air Magic      | 4 5 6 8 |  8.0
Earth Magic    | 4 5 6 8 |  8.0
Poison Magic   | 4 5 6 8 |  8.0
Stealth        | 2 3 |  3.0
Fighting       | 1 2 3 4 5 6 |  6.0
Invocations    | 2 4 5 |  5.1
Dodging        | |  2.1

Action                     |  1- 3 |  4- 6 |  7- 9 | 10-12 || total
---------------------------+-------+-------+-------+-------++-------
  Melee: Unarmed           |       |     1 |       |       ||     1
         Dagger            |       |       |     2 |       ||     2
         Staff             |       |       |       |     2 ||     2
  Throw: Dart              |       |       |     2 |       ||     2
   Cast: Shock             |    58 |    99 |   125 |     8 ||   290
         Airstrike         |       |     1 |    23 |       ||    24
         Static Discharge  |       |       |     4 |     4 ||     8
    Use: Scroll            |       |     3 |     6 |       ||     9
         Potion            |       |       |     1 |     1 ||     2
   Stab: Sleeping          |       |       |     1 |       ||     1
 Armour: Robe              |     2 |     2 |     5 |     8 ||    17
  Dodge: Dodged            |    11 |     9 |    25 |     9 ||    54

Table legend: (Time is in decaauts)
 A = Elapsed time spent in this place.
 B = Non-inter-level travel time spent in this place.
 C = Inter-level travel time spent in this place.
 D = Time resting spent in this place.
 E = Time spent auto-exploring this place.
 F = Levels seen in this place.
 G = Mean time per level.
                   A        B        C        D        E       F      G
               +--------+--------+--------+--------+--------+-----+--------+
         Total |   6492 |   6031 |    461 |     14 |   4774 |  10 |  649.2 |
       Dungeon |   6191 |   5730 |    461 |     14 |   4563 |   8 |  773.9 |
        Temple |      1 |      1 |      0 |      0 |      0 |   1 |    1.0 |
         Sewer |    299 |    299 |      0 |      0 |    211 |   1 |  299.0 |
               +--------+--------+--------+--------+--------+-----+--------+

Top non-repeatable levels by time:
     D:6: 1228 daAuts
     D:3: 1044 daAuts
     D:7: 998 daAuts
     D:5: 976 daAuts
     D:1: 764 daAuts
     D:4: 704 daAuts
     D:2: 449 daAuts
   Sewer: 299 daAuts
     D:8: 25 daAuts
  Temple: 1 daAuts
